 Dungeon Crawl Stone Soup version 0.17-a0-2227-g3b849ff (webtiles) character file.

4788 Geeful the Fighter (level 10, -3/83 HPs)
             Began as a Demonspawn Wanderer on Oct 29, 2015.
             Killed by divine providence
             ... invoked by an orc priest
              (12 damage)
             ... on level 9 of the Dungeon.
             The game lasted 00:44:44 (13825 turns).

Geeful the Fighter (Demonspawn Wanderer)           Turns: 13825, Time: 00:44:44

Health: -3/83      AC:  5    Str: 15    XL:     10   Next: 24%
Magic:  10/10      EV: 16    Int: 11    God:
Gold:   412        SH:  0    Dex: 16    Spells: 0 memorised, 9 levels left

rFire  . . .     SeeInvis .       - Unarmed
rCold  + . .     Clarity  .     u - +1 leather armour
rNeg   . . .     SustAt   .     (no shield)
rPois  +         Gourm    .     (helmet restricted)
rElec  .         Spirit   .     (no cloak)
rCorr  .         Warding  .     (no gloves)
rMut   .         Stasis   .     (no boots)
MR     .....                    (no amulet)
Stlth  +++.......               o - ring of poison resistance
                                v - ring of stealth

@: not resistant to hostile enchantments, fairly stealthy
A: horns 2, molten scales 1, cold resistance 1, freezing cloud immunity
a: no special abilities


You were on level 9 of the Dungeon.
You were hungry.

You visited 2 branches of the dungeon, and saw 10 of its levels.

You collected 412 gold pieces.

Inventory:

Hand Weapons
 b - a +1 blowgun
Missiles
 a - 237 stones
 s - a poisoned needle
 t - 11 tomahawks (quivered)
 z - 4 javelins
 E - 2 throwing nets
Armour
 u - a +1 leather armour (worn)
Jewellery
 f - an uncursed ring of sustain attributes
 o - a ring of poison resistance (right hand)
 v - a ring of stealth (left hand)
Wands
 c - a wand of fireball (9)
 F - a wand of polymorph (13)
 I - a wand of enslavement (11)
Scrolls
 d - 2 scrolls of remove curse
 g - a scroll of recharging
 j - 5 scrolls of teleportation
 l - 3 scrolls of blinking
 x - a scroll of immolation
 y - 3 scrolls of fear
 A - 2 scrolls of amnesia
Potions
 h - 2 potions of lignification
 k - 2 potions of might
 r - 2 potions of flight
 w - a potion of heal wounds
Comestibles
 e - 8 bread rations
 n - 3 meat rations


   Skills:
 + Level 9.6 Fighting
 - Level 1.0 Throwing
 + Level 7.4 Dodging
 - Level 2.6 Stealth
   Level 1.0 Shields
 * Level 8.9 Unarmed Combat


You had 9 spell levels left.
You didn't know any spells.

Dungeon Overview and Level Annotations

Branches:
Dungeon (9/15)             Temple (1/1) D:7            Lair (0/8) D:8
    Orc: D:9-12

Altars:
Ashenzari
Cheibriados
Dithmenos
Elyvilon
Fedhas
Gozag
Kikubaaqudgha
Makhleb
Nemelex Xobeh
Okawaru
Qazlal
Ru
Sif Muna
Trog
Vehumet
Xom
Yredelemnul
Zin
The Shining One


Innate Abilities, Weirdness & Mutations

You have a pair of horns on your head.
You are partially covered in molten scales (AC +1).
Your flesh is cold resistant.
You are immune to freezing clouds.


Message History

The orc priest hits you but does no damage.
The warg completely misses you.
You hit the warg. Your headbutt misses the warg.
The warg is heavily wounded.
The orc priest barely misses you. The warg closely misses you.
The orc barely misses you.
The warg stops to sniff the ground.
The warg closely misses you.
The orc priest miscasts a cantrip.
The warg bites you.
The orc priest invokes the aid of Beogh against you.
Something smites you!
The orc wizard casts a spell.
The orc wizard seems to speed up.
The warg bites you!
* * * LOW HITPOINT WARNING * * *
The warg bites you.
* * * LOW HITPOINT WARNING * * *
The orc priest mumbles some strange prayers to Beogh against you.
Something smites you!
You die...

.[.......................
..))..).....####...#####
)..............#.###...#
.##............+.#.....#
.##............#'#.....#
......##...o...........#
......##..o............+
.......................###
..............h.@........#
........##...[o..........#
.......##...[..........<#
...............[........#
.................)......#
......##.....#####......#
...... #.....# #......#
.............+ #......#
..##.........# #......+


You could see a warg, an orc priest, an orc wizard and an orc.

Vanquished Creatures
  A troll (D:8)
  A human (D:8)
  A hippogriff (D:7)
  Menkaure (D:4)
  3 wolves
  An orc warrior (D:9)
  2 water moccasins
  Duvessa (D:7)
  A sky beast (D:7)
  An ice beast (D:8)
  3 necrophages (D:6)
  5 ogres
  A centaur (D:5)
  Blork the orc (D:4)
  3 giant frogs
  A gnoll sergeant (D:7)
  Dowan (D:7)
  A water moccasin zombie (D:6)
  A water moccasin skeleton (D:8)
  4 scorpions
  4 electric eels (D:8)
  6 crimson imps
  A centaur skeleton (D:5)
  2 centaur zombies (D:6)
  2 giant frog zombies
  4 orc priests
  6 hounds
  2 jellies
  2 iguanas
  6 orc wizards
  4 worker ants
  A hound skeleton (D:9)
  A hound zombie (D:6)
  A mummy (D:7)
  9 adders
  13 gnolls
  3 shadow imps (D:8)
  3 oozes
  2 adder zombies (D:6)
  6 worms
  6 giant geckos
  34 orcs
  A ball python (D:2)
  5 bats
  4 giant cockroaches
  17 hobgoblins
  15 jackals
  20 kobolds
  7 quokkas
  A giant gecko skeleton (D:5)
  9 giant newts
  10 goblins
  A hobgoblin zombie (D:7)
  A kobold zombie (D:7)
  2 orc zombies (D:7)
  A quokka zombie (D:8)
  9 rats
  A bush (D:6)
256 creatures vanquished.

Vanquished Creatures (collateral kills)
  A worker ant zombie (D:6)
  An adder zombie (D:6)
2 creatures vanquished.

Vanquished Creatures (others)
  A wyvern zombie (D:6)
  An orc wizard (D:5)
  A worker ant zombie (D:6)
  7 plants (D:6)
10 creatures vanquished.

Grand Total: 268 creatures vanquished

Notes
Turn   | Place    | Note
--------------------------------------------------------------
     0 | D:1      | Geeful the Demonspawn Wanderer began the quest for the Orb.
     0 | D:1      | Geeful set off with: a +2 spear, 2 potions of lignification, a +0 robe, a +0 dagger, a bread ration
     0 | D:1      | Reached XP level 1. HP: 21/21 MP: 1/1
   505 | D:1      | Gained mutation: You have a pair of small horns on your head. [demonic ancestry]
   505 | D:1      | Reached XP level 2. HP: 5/27 MP: 2/2
  1162 | D:1      | Reached skill level 1 in Dodging
  1162 | D:1      | Reached skill level 1 in Unarmed Combat
  1320 | D:1      | Reached XP level 3. HP: 33/33 MP: 3/3
  1817 | D:1      | You fall through a shaft!
  1817 | D:2      | Found a faded altar to an unknown god.
  2350 | D:2      | Reached XP level 4. HP: 16/39 MP: 4/4
  3914 | D:3      | Gained mutation: You are partially covered in molten scales (AC +1). [demonic ancestry]
  3914 | D:3      | Reached XP level 5. HP: 40/45 MP: 5/5
  5004 | D:3      | Reached skill level 6 in Fighting
  5383 | D:4      | Gained mutation: You have a pair of horns on your head. [demonic ancestry]
  5383 | D:4      | Reached XP level 6. HP: 24/52 MP: 6/6
  5672 | D:4      | Noticed Blork the orc
  5695 | D:4      | Killed Blork the orc
  5885 | D:5      | Entered Level 5 of the Dungeon
  6079 | D:4      | HP: 3/78 [orc priest/short sword (2)]
  6432 | D:4      | Noticed Menkaure
  6438 | D:4      | Killed Menkaure
  6438 | D:4      | Gained mutation: Your flesh is cold resistant. [demonic ancestry]
  6438 | D:4      | Reached XP level 7. HP: 59/59 MP: 7/7
  6688 | D:5      | Got a heavily runed tin amulet
  6929 | D:4      | Reached skill level 7 in Fighting
  7671 | D:5      | Noticed a water moccasin
  7680 | D:5      | Killed a water moccasin
  7680 | D:5      | Reached XP level 8. HP: 48/67 MP: 8/8
  7879 | D:5      | Reached skill level 5 in Unarmed Combat
  8086 | D:5      | Reached skill level 5 in Dodging
  8256 | D:5      | Found a stormy altar of Qazlal.
  8257 | D:5      | Found a white marble altar of Elyvilon.
  8576 | D:6      | Identified the amulet of the Six Songs {Faith -Tele MR++} (You found it on level 5 of the Dungeon)
  8601 | D:6      | Found a blossoming altar of Fedhas.
  8730 | D:6      | Reached skill level 8 in Fighting
  9314 | D:6      | Reached XP level 9. HP: 42/70 MP: 9/9
  9688 | D:7      | Found a snail-covered altar of Cheibriados.
 10080 | D:7      | Found a staircase to the Ecumenical Temple.
 10351 | D:7      | Noticed Dowan
 10352 | D:7      | Noticed Duvessa
 10367 | D:7      | Killed Duvessa
 10371 | D:7      | Killed Dowan
 10537 | D:7      | Found a bloodstained altar of Trog.
 10537 | D:7      | Found an iron altar of Okawaru.
 10574 | D:8      | Found a glowing golden altar of the Shining One.
 10919 | D:8      | Reached skill level 9 in Fighting
 11125 | D:8      | Found a sacrificial altar of Ru.
 11413 | D:8      | Found a staircase to the Lair.
 12579 | D:8      | Gained mutation: You are immune to freezing clouds. [demonic ancestry]
 12579 | D:8      | Reached XP level 10. HP: 69/83 MP: 10/10
 13054 | Temple   | Entered the Ecumenical Temple
 13825 | D:9      | Killed from afar by an orc priest

Vault maps used:
D:1:      scummos_arrival_simple_crosswalls, minmay_misc_feat_tower,
          due_unseen_surprise
D:2:      ecumenical_altar_2, minmay_misc_feat_rows
D:3:      minmay_crystal_water
D:4:      uniq_menkaure, uniq_blork_the_orc
D:5:      gammafunk_temple_overflow_pools, first_bread
D:6:      fedhas_altar_decomposition
D:7:      grunt_temple_overflow_bloody_war, cheibriados_altar_1,
          minmay_temple_entry_from_below_b, minmay_mini_ossuary, uniq_duvessa
D:8:      nicolae_ru_path_of_blood, erik_lair_island, basic_altar
D:9:      erik_orc_4, basic_altar, grunt_ogre_cave
Temple:   zaba_magenta_temple_12

Action                   |  1- 3 |  4- 6 |  7- 9 | 10-12 || total
-------------------------+-------+-------+-------+-------++-------
Melee: Unarmed           |   242 |   261 |   417 |   107 ||  1027
 Fire: Blowgun           |       |    41 |    89 |     6 ||   136
Throw: Stone             |    12 |    16 |     8 |       ||    36
       Tomahawk          |       |       |    52 |     8 ||    60
       Throwing net      |       |       |     1 |       ||     1
Evoke: Wand              |       |       |     4 |       ||     4
  Use: Potion            |     1 |     2 |     7 |       ||    10
       Scroll            |       |     1 |    14 |       ||    15
 Stab: Sleeping          |     5 |     8 |    19 |     3 ||    35
       Distracted        |     1 |     1 |     4 |       ||     6
  Eat: Chunk             |     5 |    11 |    16 |     1 ||    33
       Fruit             |       |       |     1 |       ||     1
       Meat ration       |       |       |     1 |       ||     1
       Royal jelly       |       |       |     1 |       ||     1
